 Dungeon Crawl Stone Soup version 0.29.1-15-g9cfb28693d (webtiles) character file.

Game seed: 9201981082361541738

341 Cape the Conjurer (level 6, 0/53 HPs)
             Began as an Ogre Conjurer on Mar 7, 2023.
             Splashed by a jelly's acid (9 damage)
             ... on level 6 of the Dungeon.
             The game lasted 00:17:21 (4604 turns).

Cape the Conjurer (Ogre Conjurer)                   Turns: 4604, Time: 00:17:22

Health: 0/53       AC:  7    Str: 12    XL:     6   Next: 56%
Magic:  12/12      EV:  9    Int: 21    God:
Gold:   143        SH:  0    Dex:  7    Spells: 10/13 levels left

rFire   . . .      SeeInvis .   a - +0 short sword
rCold   . . .      Faith    .   (no shield)
rNeg    . . .      Spirit   .   l - +0 robe
rPois   .          Reflect  .   (helmet restricted)
rElec   .          Harm     .   (no cloak)
rCorr   .          Rampage  .   (gloves unavailable)
Will    .....                   (boots unavailable)
Stlth   +.........              (no amulet)
HPRegen 0.17/turn               d - +4 ring of protection
MPRegen 0.13/turn               h - +4 ring of protection

@: corroded
A: large, unfitting armour, tough skin 1
a: no special abilities


You were on level 6 of the Dungeon.
You visited 1 branch of the dungeon, and saw 4 of its levels.

You collected 143 gold pieces.

Inventory:

Hand Weapons
 a - a +0 short sword (weapon)
 b - a +0 sling
Missiles
 q - 3 throwing nets
 u - 6 poisoned darts (quivered)
Armour
 l - a +0 robe (worn)
Jewellery
 d - a +4 ring of protection (left hand)
 h - a +4 ring of protection (right hand)
 n - a ring of positive energy
 v - an amulet of magic regeneration
Wands
 s - a wand of mindburst (12)
Scrolls
 e - a scroll of immolation
 k - 2 scrolls of fog
Potions
 f - a potion of flight
 g - 3 potions of mutation
 i - a potion of magic
 m - a potion of might {unknown}
 p - a potion of ambrosia {unknown}
 r - a potion of curing {unknown}
 t - a potion of berserk rage {unknown}


   Skills:
 - Level 1.7 Dodging
 - Level 1.4 Stealth
 + Level 4.3 Spellcasting
 * Level 5.7 Conjurations
 + Level 2.1 Translocations


You had 10 spell levels left.
You knew the following spells:

 Your Spells              Type           Power      Damage    Failure   Level
a - Magic Dart            Conj           100%       1d8       1%          1
b - Searing Ray           Conj           56%        2d6       1%          2

Your spell library contained the following spells:

 Spells                   Type           Power      Damage    Failure   Level
 Dazzling Flash           Conj/Hex       32%        N/A       11%         3
 Slow                     Hex            16%        N/A       12%         1
 Portal Projectile        Hex/Tloc       18%        N/A       22%         3
 Iskenderun's Mystic Bla  Conj/Tloc      21%        2d6       22%         4
 Call Canine Familiar     Summ           4%         N/A       34%         3
 Confusing Touch          Hex            4%         N/A       34%         3
 Vampiric Draining        Necr           4%         2d6       34%         3
 Fulminant Prism          Conj/Hex       8%         3d7       34%         4
 Leda's Liquefaction      Hex/Erth       2%         N/A       75%         4


Dungeon Overview and Level Annotations

Branches:
Dungeon (6/15)
 Temple: D:4-7

Altars:
Cheibriados
Xom


Innate Abilities, Weirdness & Mutations

You are too large for most types of armour.
You have tough skin. (AC +1)


Message History

A gnoll bouda comes into view. It is wielding a +0 whip.
The jelly hits you but does no damage. The jelly attacks as you move away!
The jelly hits you but does no damage. The jelly attacks as you move away!
The jelly hits you but does no damage. The jelly attacks as you move away!
The jelly barely misses you. The jelly attacks as you move away!
The jelly hits you.
You are splashed with acid.
Found 7 gold pieces.
The jelly attacks as you move away! The jelly closely misses you.
The jelly attacks as you move away! The jelly hits you but does no damage.
The jelly attacks as you move away! The jelly hits you but does no damage.
The jelly attacks as you move away! The jelly barely misses you.
Found a leather armour.
The jelly attacks as you move away! The jelly hits you but does no damage.
The jelly attacks as you move away! The jelly hits you but does no damage.
You see here 7 gold pieces.
The jelly attacks as you move away! The jelly hits you but does no damage.
The jelly hits you.
You are splashed with acid!
An ogre comes into view. It is wielding a +0 giant spiked club.
The jelly barely misses you. The jelly attacks as you move away!
The jelly closely misses you. The jelly attacks as you move away!
The jelly hits you. The acid corrodes you!
You are splashed with acid!
The ogre hits you with a +0 giant spiked club!!
* * * LOW HITPOINT WARNING * * *
The jelly attacks as you move away! The jelly hits you but does no damage.
The jelly attacks as you move away!
The jelly completely misses you. 2 gnolls come into view.
The gnoll shouts! x2
A gnoll comes into view. It is wielding a +0 club.
A white imp comes into view.
The white imp shouts, "Get thee hence, thou erky full-gorged Cock-Lorel!"
The gnoll shouts!
The white imp gestures at you. The puff of frost hits you.
* * * LOW HITPOINT WARNING * * *
The jelly attacks as you move away! The jelly hits you.
* * * LOW HITPOINT WARNING * * *
You are splashed with acid!
You die...

.......
.........#
......[.
.........
#.......
.5.......
#.......
.........
#......
........#
#.....
........#
##....
........#
##...
...g.g.@#
##..
#....g.J#
##.
#.......#
#..
#.....#O#
##.#
#.....#h#
##..#
##...##.#
#..## ####
#.# ##.##
#.# ##..#
#.# #..##


You could see a black bear, an ogre, a jelly, 3 gnolls and a white imp.

Vanquished Creatures
  2 jellies (D:3)
  Terence (D:3)
  3 orc wizards (D:3)
  6 gnolls
  An adder (D:2)
  2 worms
  10 orcs
  5 ball pythons
  5 endoplasms
  4 giant cockroaches
  2 goblins (D:2)
  7 hobgoblins
  An iguana (D:3)
  4 jackals (D:1)
  10 kobolds
  A quokka (D:1)
  A bat (D:2)
  A frilled lizard (D:1)
  10 rats
76 creatures vanquished.

Vanquished Creatures (collateral kills)
  An orc wizard (D:6)
  An orc (D:6)
2 creatures vanquished.

Grand Total: 78 creatures vanquished

Notes
Turn   | Place    | Note
-------+----------+-------------------------------------------
     0 | D:1      | Cape the Ogre Conjurer began the quest for the Orb.
     0 | D:1      | Reached XP level 1. HP: 16/16 MP: 3/3
    77 | D:1      | Found a faded altar of an unknown god.
   347 | D:1      | Reached XP level 2. HP: 24/24 MP: 3/5
   350 | D:1      | Learned a level 2 spell: Searing Ray
   475 | D:1      | Reached skill level 4 in Conjurations
  1229 | D:2      | Reached XP level 3. HP: 31/31 MP: 0/7
  1734 | D:2      | Identified the +8 spear of Reinforcement {antimagic, Dex+4}
  1937 | D:2      | Reached XP level 4. HP: 39/39 MP: 4/8
  2547 | D:3      | Found a shimmering altar of Xom.
  2581 | D:3      | Reached skill level 1 in Translocations
  2600 | D:3      | Reached XP level 5. HP: 20/45 MP: 1/10
  2788 | D:3      | Reached skill level 5 in Conjurations
  3366 | D:3      | Found a snail-covered altar of Cheibriados.
  3386 | D:3      | Noticed Terence
  3504 | D:3      | HP: 2/45 [something (2)]
  3508 | D:3      | Reached XP level 6. HP: 3/53 MP: 2/12
  4256 | D:3      | Killed Terence
  4421 | D:3      | You fall into a shaft and drop 3 floors!
  4536 | D:6      | Noticed a black bear
  4604 | D:6      | Splashed by a jelly's acid

Illustrated notes

Levels and vault maps discovered:
D:1:      lightli_arrival_boilingwater, layout_loops_ring,
          shapermc_ecumenical_altar_pompeii,
          nicolae_concentric_dashed_squares_wild
D:2:      layout_basic, kennysheep_boxes
D:3:      layout_basic, dk_xom_monty_hall, mainiacjoe_overflow_surrounded_room,
          uniq_terence
D:6:      layout_cave_pods, serial_shops, nicolae_square_shop

Skill      XL: |  1  2  3  4  5  6 |
---------------+-------------------+-----
Conjurations   | 4 5 |  5.7
Spellcasting   | 3 4 |  4.3
Translocations | 1 2 |  2.1
Dodging        | |  1.7
Stealth        | |  1.4

Action                   |  1- 3 |  4- 6 || total
-------------------------+-------+-------++-------
Melee: Unarmed           |    18 |       ||    18
       Short sword       |     2 |    47 ||    49
 Fire: Sling             |    10 |       ||    10
Throw: Dart              |       |     2 ||     2
 Cast: Magic Dart        |    47 |    33 ||    80
       Searing Ray       |    14 |    27 ||    41
Evoke: Wand              |       |     1 ||     1
  Use: Scroll            |     4 |     5 ||     9
       Potion            |       |     1 ||     1
Armor: Robe              |    11 |    52 ||    63
Dodge: Dodged            |    18 |    40 ||    58
